 Dungeon Crawl Stone Soup version 0.17-a0-1667-g4ca74a1 (console) character file.

125613 Garrluk the Shatterer (level 16, -4/180 HPs)
             Began as an Ogre Hunter on Aug 17, 2015.
             Was the Champion of Okawaru.
             Slain by a jumping spider (6 damage)
             ... on level 1 of the Spider Nest.
             The game lasted 01:52:41 (34775 turns).

Garrluk the Shatterer (Ogre Hunter)                Turns: 34775, Time: 01:52:41

Health: -4/180     AC: 23    Str: 23    XL:     16   Next: 96%
Magic:  21/21      EV: 10    Int: 12    God:    Okawaru [******]
Gold:   3387       SH:  0    Dex: 10    Spells: 0 memorised, 15 levels left

rFire  . . .     SeeInvis +     v - +6 g.spiked club {crush, Str+4 Int-5 SInv}
rCold  + + +     Clarity  .     j - +0 ice dragon armour
rNeg   . . .     SustAt   .     (no shield)
rPois  +         Gourm    +     z - +2 hat
rElec  .         Spirit   .     C - +2 cloak {MR+}
rCorr  .         Warding  .     (gloves unavailable)
rMut   .         Stasis   .     (boots unavailable)
MR     ++...                    A - amulet of the gourmand
Stlth  +.........               W - ring "Uzadd" {rPois rC+ Int+2}
                                k - ring of stealth

@: very slightly contaminated, hasted, very quick, very resistant to hostile
enchantments, very unstealthy
A: unfitting armour, iridescent scales 1, fire resistance 1, regeneration 1,
tough skin 1, weak 1
a: Heroism, Finesse, Renounce Religion


You were on level 1 of the Spider Nest.
You worshipped Okawaru.
Okawaru was exalted by your worship.
You were completely stuffed.

You visited 5 branches of the dungeon, and saw 29 of its levels.
You also visited: Ice Cave.

You collected 3791 gold pieces.
You spent 404 gold pieces at shops.

Notes
Turn   | Place    | Note
--------------------------------------------------------------
     0 | D:1      | Garrluk the Ogre Hunter began the quest for the Orb.
     0 | D:1      | Reached XP level 1. HP: 22/22 MP: 1/1
    90 | D:1      | Reached XP level 2. HP: 27/29 MP: 2/2
   145 | D:1      | Reached skill level 5 in Throwing
   483 | D:1      | Found a glowing golden altar of the Shining One.
   794 | D:1      | Reached XP level 3. HP: 36/36 MP: 3/3
  1030 | D:2      | Reached skill level 1 in Maces & Flails
  1103 | D:2      | Found a shadowy altar of Dithmenos.
  1189 | D:2      | Reached XP level 4. HP: 34/44 MP: 4/4
  1773 | D:3      | Reached XP level 5. HP: 26/50 MP: 5/5
  2381 | D:2      | Reached skill level 6 in Throwing
  2763 | D:3      | Reached skill level 5 in Maces & Flails
  3085 | D:4      | Reached XP level 6. HP: 42/59 MP: 6/6
  3304 | D:4      | Noticed an orc warrior
  3304 | D:4      | Killed an orc warrior
  3414 | D:4      | Found a stormy altar of Qazlal.
  3462 | D:4      | Noticed an ogre
  3465 | D:4      | Killed an ogre
  3465 | D:4      | Reached skill level 7 in Maces & Flails
  3465 | D:4      | Reached XP level 7. HP: 50/66 MP: 7/7
  3898 | D:4      | Reached skill level 8 in Maces & Flails
  3920 | D:5      | Entered Level 5 of the Dungeon
  4090 | D:5      | Reached XP level 8. HP: 15/74 MP: 8/8
  4244 | D:5      | Reached skill level 9 in Maces & Flails
  5064 | D:5      | Found a white marble altar of Elyvilon.
  5128 | D:5      | Found a staircase to the Ecumenical Temple.
  5134 | Temple   | Entered the Ecumenical Temple
  5387 | Temple   | Became a worshipper of Warmaster Okawaru
  5524 | D:6      | Reached skill level 10 in Maces & Flails
  5969 | D:6      | Acquired Okawaru's first power
  6001 | D:6      | Reached skill level 11 in Maces & Flails
  6038 | D:6      | Noticed Dowan
  6041 | D:6      | Noticed Duvessa
  6250 | D:6      | Noticed Sigmund
  6253 | D:6      | Killed Sigmund
  6253 | D:6      | Reached XP level 9. HP: 72/80 MP: 9/9
  6261 | D:6      | Noticed Menkaure
  6267 | D:6      | Killed Menkaure
  6388 | D:6      | Killed Duvessa
  6390 | D:6      | HP: 4/80 [Dowan/stone arrow (17)]
  6394 | D:6      | Killed Dowan
  6394 | D:6      | Reached skill level 12 in Maces & Flails
  6776 | D:6      | Noticed Blork the orc
  6786 | D:6      | Killed Blork the orc
  7484 | D:7      | Reached skill level 13 in Maces & Flails
  7979 | D:7      | Found a blossoming altar of Fedhas.
  7979 | D:7      | Found a sparkling altar of Nemelex Xobeh.
  8037 | D:7      | Reached skill level 5 in Fighting
  8043 | D:7      | Gained mutation: You are weak. (Str -2) [mutagenic meat]
  8044 | D:7      | Gained mutation: Your body sometimes deteriorates upon taking damage. [mutagenic meat]
  8056 | D:7      | Reached XP level 10. HP: 56/96 MP: 10/10
  8310 | D:8      | Reached XP level 11. HP: 65/102 MP: 11/11
  8316 | D:8      | Noticed trantor's ghost (experienced HEHu)
  8332 | D:8      | Killed trantor's ghost
  8623 | D:8      | Found a sacrificial altar of Ru.
  8639 | D:8      | Reached skill level 14 in Maces & Flails
  9162 | D:8      | Gained mutation: Your mind is acute. (Int +2) [mutagenic meat]
  9223 | D:8      | Got a dazzling short sword
  9225 | D:8      | Identified the +7 short sword "Vom Guk" {pierce, -Tele *Corrode rN+ Str+7} (You found it on level 8 of the Dungeon)
  9399 | D:9      | Found Kuedemm's Book Boutique.
  9701 | D:9      | Noticed Gastronok
  9725 | D:10     | Entered Level 10 of the Dungeon
  9924 | D:9      | Received a gift from Okawaru
 10256 | D:9      | Reached skill level 1 in Evocations
 10643 | D:9      | Killed Gastronok
 10643 | D:9      | Reached skill level 15 in Maces & Flails
 10938 | D:10     | Received a gift from Okawaru
 11343 | D:10     | Found a staircase to the Orcish Mines.
 12112 | D:11     | Reached XP level 12. HP: 87/122 MP: 14/14
 12223 | D:11     | Found a staircase to the Lair.
 12328 | D:11     | Acquired Okawaru's second power
 12585 | D:11     | Noticed Erica
 12589 | D:11     | Killed Erica
 12589 | D:11     | Received a gift from Okawaru
 12589 | D:11     | Reached skill level 16 in Maces & Flails
 13753 | D:12     | Noticed Urug
 14417 | D:12     | Killed Urug
 14605 | D:12     | Reached skill level 17 in Maces & Flails
 14619 | D:12     | Reached skill level 10 in Fighting
 15207 | D:12     | Received a gift from Okawaru
 15373 | D:12     | Gained mutation: Your flesh is heat resistant. [mutagenic meat]
 15414 | D:12     | Reached skill level 5 in Evocations
 15531 | D:12     | Reached XP level 13. HP: 44/135 MP: 16/16
 16333 | D:12     | Gained mutation: You are partially covered in iridescent scales (AC +4). [mutagenic meat]
 16334 | D:12     | Lost mutation: Your body sometimes deteriorates upon taking damage. [mutagenic meat]
 16335 | D:12     | Gained mutation: Your natural rate of healing is unusually fast. [mutagenic meat]
 16336 | D:12     | Lost mutation: Your mind is acute. (Int +2) [mutagenic meat]
 16337 | D:12     | Gained mutation: Your body sometimes deteriorates upon taking damage. [mutagenic meat]
 16338 | D:12     | Lost mutation: Your body sometimes deteriorates upon taking damage. [mutagenic meat]
 16440 | Lair:1   | Entered Level 1 of the Lair of Beasts
 16738 | Lair:1   | Reached skill level 18 in Maces & Flails
 17710 | Lair:2   | Received a gift from Okawaru
 19175 | Lair:4   | Found a frozen archway.
 19466 | IceCv    | Entered an ice cave
 19865 | IceCv    | Reached skill level 19 in Maces & Flails
 20357 | IceCv    | Got a serpentine lead ring
 20375 | IceCv    | Identified the ring "Uzadd" {rPois rC+ Int+2} (You found it in an ice cave)
 20504 | Lair:4   | Found a hole to the Spider Nest.
 20824 | Lair:4   | Reached XP level 14. HP: 143/149 MP: 19/19
 20922 | Lair:4   | Received a gift from Okawaru
 21543 | Lair:5   | Found a staircase to the Shoals.
 21632 | Lair:5   | Reached skill level 20 in Maces & Flails
 21634 | Lair:5   | Received a gift from Okawaru
 23259 | Lair:6   | Identified a cursed +0 rod of inaccuracy (13/13) (You found it on level 6 of the Lair of Beasts)
 24036 | Lair:7   | Found a staircase to the Slime Pits.
 24329 | Lair:7   | Found a shimmering altar of Xom.
 24489 | Lair:7   | Received a gift from Okawaru
 24568 | Lair:8   | Entered Level 8 of the Lair of Beasts
 24664 | Lair:8   | Reached skill level 21 in Maces & Flails
 24664 | Lair:8   | Reached XP level 15. HP: 151/162 MP: 20/20
 24757 | Lair:8   | Identified a scroll of acquirement
 24758 | Lair:8   | Got a fine cloak
 24769 | Lair:8   | Identified the +0 cloak "Faefaagy" {+Fly rC++ Str+4} (You acquired it on level 8 of the Lair of Beasts)
 24993 | Lair:8   | Received a gift from Okawaru
 24994 | Lair:8   | Got a slimy giant club {god gift}
 25004 | Lair:8   | Identified the +1 giant club of Munijegu {freeze, +Blink rElec rN+} (Okawaru gifted it to you on level 8 of the Lair of Beasts)
 25713 | Lair:8   | Got an encrusted dagger
 25716 | Lair:8   | Identified the +5 dagger "Sophie" {pierce, Int+4} (You found it on level 8 of the Lair of Beasts)
 25719 | Lair:8   | Got a crystal rapier
 25720 | Lair:8   | Identified the +9 rapier "Plog" {freeze, +Inv rPois rF+ Dex-5} (You found it on level 8 of the Lair of Beasts)
 26208 | Orc:1    | Entered Level 1 of the Orcish Mines
 26608 | Orc:1    | Found Wufyon's Assorted Antiques.
 26627 | Orc:1    | Bought a scroll labeled PECVIBL PEIWKUOV for 31 gold pieces
 27176 | Orc:2    | Found a roughly hewn altar of Beogh.
 27400 | Orc:3    | You fall through a shaft!
 27400 | Orc:4    | Entered Level 4 of the Orcish Mines
 27724 | Orc:4    | Found Uvy Jutt's Jewellery Shop.
 27907 | Orc:3    | Found a staircase to the Elven Halls.
 27923 | Orc:3    | Noticed Nessos
 27950 | Orc:3    | Killed Nessos
 28429 | Orc:2    | Noticed Josephine
 28431 | Orc:2    | Noticed Harold
 28678 | Orc:3    | Killed Josephine
 28755 | Orc:2    | Noticed Maurice
 28762 | Orc:2    | Killed Harold
 28762 | Orc:2    | Received a gift from Okawaru
 28771 | Orc:2    | Killed Maurice
 29345 | Orc:4    | Received a gift from Okawaru
 29346 | Orc:4    | Got a polished giant spiked club {god gift}
 29347 | Orc:4    | Identified the +6 giant spiked club of the Horn {crush, Str+4 Int-5 SInv} (Okawaru gifted it to you on level 4 of the Orcish Mines)
 29461 | Orc:4    | Noticed Maud
 29481 | Orc:3    | Killed Maud
 29873 | Orc:4    | Reached skill level 22 in Maces & Flails
 30357 | Orc:4    | Received a gift from Okawaru
 30445 | Orc:4    | Reached skill level 15 in Fighting
 30513 | Orc:4    | Found Zasm's Jewellery Shop.
 30513 | Orc:4    | Found Qiedykh's Antique Armour Shop.
 30514 | Orc:4    | Found Receu's Jewellery Shop.
 30514 | Orc:4    | Found Cawuh's Assorted Antiques.
 30522 | Orc:4    | Bought a scroll labeled CINILU UNLITTY for 21 gold pieces
 30530 | Orc:4    | Bought a steaming robe for 176 gold pieces
 30530 | Orc:4    | Bought a dull robe for 176 gold pieces
 30540 | Orc:4    | Identified the +0 robe "Eduo" {rCorr} (You bought it in a shop on level 4 of the Orcish Mines)
 30550 | Orc:4    | Identified the +2 robe of Zetaiprozir {+Blink rElec rCorr} (You bought it in a shop on level 4 of the Orcish Mines)
 30972 | D:13     | Found a gate to the Vaults.
 30972 | D:13     | Noticed a vault guard
 30972 | D:13     | Noticed a vault guard
 30972 | D:13     | Noticed a vault guard
 30973 | D:13     | Noticed a vault guard
 30997 | D:13     | Killed a vault guard
 31009 | D:13     | Killed a vault guard
 31038 | D:13     | Reached XP level 16. HP: 101/176 MP: 21/21
 31049 | D:13     | Killed a vault guard
 31051 | D:13     | Killed a vault guard
 31252 | D:13     | Found a large runed door.
 31252 | D:13     | Found a large runed door.
 32454 | D:15     | Entered Level 15 of the Dungeon
 32546 | D:15     | Received a gift from Okawaru
 32740 | D:15     | Found a staircase to the Depths.
 32761 | D:15     | Received a gift from Okawaru
 32767 | D:15     | Reached skill level 23 in Maces & Flails
 32816 | D:15     | Received a gift from Okawaru
 33128 | D:15     | Received a gift from Okawaru
 33146 | D:15     | Noticed Roxanne
 33206 | D:15     | Received a gift from Okawaru
 33959 | Spider:1 | Entered Level 1 of the Spider Nest
 34472 | Spider:1 | Received a gift from Okawaru
 34483 | Spider:1 | Got a slimy giant club {god gift}
 34502 | Spider:1 | Identified the +10 giant club of Qigod {freeze, rElec rF+ MR++ Dex-5} (Okawaru gifted it to you on level 1 of the Spider Nest)
 34769 | Spider:1 | HP: 3/180 [jumping spider (8)]
 34772 | Spider:1 | HP: 1/180 [jumping spider (10)]
 34775 | Spider:1 | Slain by a jumping spider

Inventory:

Hand weapons
 p - the +1 giant club of Munijegu {freeze, +Blink rElec rN+}
   (Okawaru gifted it to you on level 8 of the Lair of Beasts)

   It has been specially enchanted to freeze those struck by it, causing extra
   injury to most foes and up to half again as much damage against particularly
   susceptible opponents.
   It can also slow down cold-blooded creatures.
   It insulates you from electricity.
   It protects you from negative energy.
   It lets you blink.
 q - the +10 giant club of Qigod {freeze, rElec rF+ MR++ Dex-5}
   (Okawaru gifted it to you on level 1 of the Spider Nest)

   It has been specially enchanted to freeze those struck by it, causing extra
   injury to most foes and up to half again as much damage against particularly
   susceptible opponents.
   It can also slow down cold-blooded creatures.
   It affects your dexterity (-5).
   It protects you from fire.
   It insulates you from electricity.
   It affects your resistance to hostile enchantments.
 v - the +6 giant spiked club of the Horn (weapon) {crush, Str+4 Int-5 SInv}
   (Okawaru gifted it to you on level 4 of the Orcish Mines)

   It inflicts extra damage upon your enemies.
   It affects your strength (+4).
   It affects your intelligence (-5).
   It lets you see invisible.
Missiles
 l - 26 large rocks (quivered)
 m - 6 throwing nets
 t - 19 silver javelins
 J - 6 steel javelins
Armour
 a - a +2 robe of magic resistance
   (You took it off Dowan on level 6 of the Dungeon)
 c - a +1 cloak of invisibility
   (Okawaru gifted it to you on level 12 of the Dungeon)
 j - a +0 ice dragon armour (worn)
   (You found it in an ice cave)
 o - a troll hide
   (You found it on level 13 of the Dungeon)
 z - a +2 hat (worn)
   (You took it off Gastronok on level 9 of the Dungeon)
 C - a +2 cloak of magic resistance (worn)
   (Okawaru gifted it to you on level 4 of the Orcish Mines)
Rods
 H - a +0 rod of inaccuracy (13/13)
   (You found it on level 6 of the Lair of Beasts)
Jewellery
 b - an uncursed amulet of resist corrosion
   (You took it off an orc on level 6 of the Dungeon)
 k - a ring of stealth (left hand)
   (You took it off an orc on level 6 of the Dungeon)
 w - an uncursed ring of flight
   (You found it on level 2 of the Dungeon)
 A - an amulet of the gourmand (around neck)
   (You found it on level 7 of the Lair of Beasts)
 G - an uncursed ring of sustain attributes
   (You found it in an ice cave)
 P - an uncursed amulet of warding
   (You found it in an ice cave)
 W - the ring "Uzadd" (right hand) {rPois rC+ Int+2}
   (You found it in an ice cave)

   [ring of intelligence]

   It affects your intelligence (+2).
   It protects you from cold.
   It protects you from poison.
 Y - an uncursed ring of teleportation
   (You found it in an ice cave)
Magical devices
 I - a wand of magic darts (25)
   (You found it on level 13 of the Dungeon)
 K - a wand of polymorph (9)
   (You found it on level 11 of the Dungeon)
 O - a wand of draining (3)
   (You found it on level 3 of the Lair of Beasts)
 S - a wand of digging (3)
   (You found it on level 13 of the Dungeon)
Scrolls
 e - 2 scrolls of blinking
 i - 3 scrolls of fog
 r - 16 scrolls of identify
 y - 14 scrolls of remove curse
 B - 2 scrolls of summoning
 M - 4 scrolls of magic mapping
 U - 5 scrolls of teleportation
 X - 2 scrolls of fear
Potions
 f - 2 potions of cancellation
 s - 2 potions of resistance
 D - 2 potions of might
 E - a potion of ambrosia
 L - 5 potions of haste
Miscellaneous
 N - a phial of floods
   (You found it on level 9 of the Dungeon)
Comestibles
 h - 14 meat rations
 n - 2 chunks of flesh
 u - a slice of pizza
 F - 20 fruits

Table legend:
 A = Turns spent in this place as a percentage of turns spent in the entire game.
 B = Non-inter-level travel turns spent in this place as a percentage of non-inter-level travel turns spent in the entire game.
 C = Inter-level travel turns spent in this place as a percentage of turns spent in this place.
 D = Turns resting spent in this place as a percentage of non-inter-level travel turns spent in this place.
 E = Turns spent auto-exploring this place as a percentage of non-inter-level travel turns spent in this place.
 F = Non-inter-level travel turns spent in this place divided by the number of levels of this place that you've seen.
                   A       B       C       D       E      F
               +-------+-------+-------+-------+-------+----------------------
         Total | 100.0 | 100.0 |   0.6 |   2.5 |   6.7 | 368.1
       Dungeon |  53.3 |  53.4 |   0.5 |   3.0 |   6.8 | 393.2
        Temple |   0.2 |   0.1 |  11.8 |   0.0 |  93.3 |  15.0
          Lair |  25.5 |  25.4 |   0.7 |   1.4 |   7.1 | 351.1
   Spider Nest |   3.7 |   3.7 |   0.0 |   1.2 |   5.1 | 409.0
  Orcish Mines |  15.1 |  15.0 |   0.8 |   2.6 |   5.7 | 414.8
      Ice Cave |   2.3 |   2.3 |   0.0 |   7.1 |   2.8 | 254.0
               +-------+-------+-------+-------+-------+----------------------


   Skills:
 + Level 16.5 Fighting
 * Level 23.8 Maces & Flails
 - Level 9.3 Throwing
 + Level 9.4 Armour
 - Level 6.9 Dodging
 - Level 0.7 Stealth
 - Level 7.8 Evocations


You had 15 spell levels left.
You didn't know any spells.

Dungeon Overview and Level Annotations

Branches:
Dungeon (15/15)            Temple (1/1) D:5            Lair (8/8) D:11
 Shoals (0/4) Lair:5       Spider (1/4) Lair:4        Slime (0/6) Lair:7
    Orc (4/4) D:10            Elf (0/3) Orc:3        Vaults (0/5) D:13
 Depths (0/5) D:15

Altars:
Ashenzari
Cheibriados
Dithmenos
Elyvilon
Fedhas
Gozag
Kikubaaqudgha
Makhleb
Nemelex Xobeh
Okawaru
Qazlal
Ru
Sif Muna
Trog
Vehumet
Xom
Yredelemnul
Zin
The Shining One
Beogh

Shops:
D:9 :   Orc:1 *   Orc:4 =[=*=

Annotations:
D:15 exclusion: Roxanne, Roxanne


Innate Abilities, Weirdness & Mutations

You are too large for most types of armour.
You have tough skin (AC +1).
You are partially covered in iridescent scales (AC +4).
Your flesh is heat resistant.
Your natural rate of healing is unusually fast.
You are weak. (Str -2)


Message History

You bludgeon the wolf spider!!
The wolf spider is heavily wounded.
The wolf spider hits you but does no damage.
The wolf spider bites you but does no damage.
You puncture the wolf spider!
You kill the wolf spider!
Okawaru accepts your kill. The jumping spider pounces on you!
* * * LOW HITPOINT WARNING * * *
The jumping spider barely misses you.
You puncture the jumping spider!
The jumping spider is moderately wounded.
You closely miss the jumping spider.
The jumping spider is moderately wounded.
The jumping spider barely misses you.
The jumping spider bites you but does no damage.
You closely miss the jumping spider.
The jumping spider is moderately wounded.
The jumping spider pounces on you.
You die...

### #### #..# ###..###
#..### #.......
#...###...†### #..#
#.....##...# ...
##.....#....#.. .
.>#####....#.........
..####..##†##..##.....#...
....s...#@s....##....##...
........###.>..####.## ...
##..s.ss...### ### ..#
#.....s.....# .#
##..##......# ## #..#####
#.... ##..## ##.# ##


You could see a jumping spider.

Table legend:
 A = Kills in this place as a percentage of kills in entire the game.
 B = Kills by you in this place as a percentage of kills by you in the entire game.
 C = Kills by friends in this place as a percentage of kills by friends in the entire game.
 D = Other kills in this place as a percentage of other kills in the entire game.
 E = Experience gained in this place as a percentage of experience gained in the entire game.
 F = Experience gained in this place divided by the number of levels of this place that you have seen.
                   A       B       C       D       E      F
               +-------+-------+-------+-------+-------+----------------------
         Total | 100.0 | 100.0 | 100.0 |  -nan | 100.0 | 5832.4
       Dungeon |  46.3 |  46.1 |  83.3 |  -nan |  39.1 | 4560.5
          Lair |  23.0 |  23.0 |  16.7 |  -nan |  33.0 | 7216.1
   Spider Nest |   7.3 |   7.4 |   0.0 |  -nan |  10.8 | 18874.0
  Orcish Mines |  21.9 |  22.0 |   0.0 |  -nan |  14.1 | 6189.5
      Ice Cave |   1.5 |   1.5 |   0.0 |  -nan |   3.0 | 5204.0
               +-------+-------+-------+-------+-------+----------------------

Vanquished Creatures
  Monster Symbol All ' '
  The ghost of trantor the Archer, an experienced HEHu of Okawaru (D:8)
1 creature vanquished. All '5' 13 crimson imps A quasit (D:9) A shadow imp (D:14) 13 white imps
28 creatures vanquished. All '8' 2 ice statues (IceCv)
2 creatures vanquished. All '9' 3 gargoyles
3 creatures vanquished. All ';' 7 electric eels
7 creatures vanquished. All '@' Maud (Orc:3) Josephine (Orc:3) Harold (Orc:2) Erica (D:11) Maurice (Orc:2) Sigmund (D:6)
6 creatures vanquished. All 'B' A boulder beetle (Spider:1)
1 creature vanquished. All 'C' 6 hill giants 3 cyclopes
9 creatures vanquished. All 'D' 2 ice dragons (IceCv) 8 hydras A steam dragon (D:12) A mottled dragon (D:11)
12 creatures vanquished. All 'E' An air elemental (D:13) A water elemental (D:13) A fire elemental (D:13) An earth elemental (D:13)
4 creatures vanquished. All 'F' 17 spiny frogs 32 blink frogs 41 giant frogs
90 creatures vanquished. All 'G' An eye of devastation (Lair:7) 2 eyes of draining
3 creatures vanquished. All 'H' A manticore (D:15) 3 griffons 16 hippogriffs
20 creatures vanquished. All 'J' 9 slime creatures 10 jellies 10 oozes
29 creatures vanquished. All 'K' A kobold demonologist (D:14) 7 big kobolds 35 kobolds
43 creatures vanquished. All 'M' Menkaure (D:6)
1 creature vanquished. All 'O' 12 ogres
12 creatures vanquished. All 'P' 23 fungi 11 plants
34 creatures vanquished. All 'R' 2 rakshasas (D:15) 2 efreet
4 creatures vanquished. All 'S' 5 black mambas 9 water moccasins 12 adders 4 ball pythons
30 creatures vanquished. All 'T' 4 trolls
4 creatures vanquished. All 'V' A vampire mage (D:15) A vampire (D:15)
2 creatures vanquished. All 'W' 5 wraiths (Orc:3) 2 shadows 4 hungry ghosts 5 phantoms
16 creatures vanquished. All 'Y' 14 elephants 29 yaks 22 ice beasts 10 sky beasts 3 sheep (D:15)
78 creatures vanquished. All 'Z' A stone giant skeleton (D:15) An ice dragon zombie (D:15) A fire dragon zombie (D:15) A hornet zombie (D:15) A hill giant zombie (D:10) A tengu skeleton (D:15) A wyvern skeleton (D:11) A water moccasin skeleton (D:10) 3 giant frog zombies 3 centaur zombies A wasp zombie (D:10) 5 giant frog skeletons 5 centaur skeletons 5 ogre zombies (D:10) A hound skeleton (D:10) A worker ant zombie (D:7) An adder zombie (D:5) 2 giant gecko skeletons A goblin skeleton (D:10) A hobgoblin skeleton (D:10) 2 hobgoblin zombies (D:10) A jackal zombie (D:6) 3 orc skeletons (D:10) 12 orc zombies (D:10) A quokka zombie (D:8)
56 creatures vanquished. All 'a' A queen ant (Spider:1) 21 soldier ants (Spider:1) 35 worker ants
57 creatures vanquished. All 'b' 6 bats
6 creatures vanquished. All 'c' Nessos (Orc:3) 2 centaur warriors 11 centaurs
14 creatures vanquished. All 'e' A deep elf mage (D:11) Duvessa (D:6) Dowan (D:6)
3 creatures vanquished. All 'g' 7 gnolls (D:5) 8 goblins 7 hobgoblins
22 creatures vanquished. All 'h' A polar bear (Lair:7) 19 wolves 7 wargs A black bear (D:7) 14 hounds 13 jackals
55 creatures vanquished. All 'k' A lindwurm (Lair:6) 2 fire drakes
3 creatures vanquished. All 'l' 8 komodo dragons 4 basilisks 2 wyverns 7 iguanas 4 giant geckos 5 giant newts
30 creatures vanquished. All 'm' 2 sirens (Lair:5) 2 merfolk (Lair:5)
4 creatures vanquished. All 'n' 3 necrophages
3 creatures vanquished. All 'o' 7 orc high priests (Orc:4) Urug (D:12) 10 orc knights 2 orc sorcerers 46 orc warriors Blork the orc (D:6) 33 orc wizards 33 orc priests 242 orcs
375 creatures vanquished. All 'p' 4 vault guards (D:13) A necromancer (D:15)
5 creatures vanquished. All 'r' 21 porcupines 7 hell rats 44 river rats 2 quokkas 7 rats
81 creatures vanquished. All 's' 2 orb spiders (Spider:1) 6 wolf spiders (Spider:1) A demonic crawler (Spider:1) 6 jumping spiders (Spider:1) 15 redbacks (Spider:1) 3 trapdoor spiders 7 tarantellas (Spider:1) 3 spiders (Spider:1) 2 scorpions 5 giant cockroaches
50 creatures vanquished. All 't' 14 crocodiles
14 creatures vanquished. All 'u' 8 ugly things
8 creatures vanquished. All 'w' Gastronok (D:9) 3 torpor snails 2 giant leeches (Lair:8) 4 worms
10 creatures vanquished. All 'x' 2 unseen horrors
2 creatures vanquished. All 'y' A moth of wrath (Spider:1) A queen bee (D:12) 6 vampire mosquitoes (Lair:8) 30 killer bees
38 creatures vanquished. All 'z' 2 skeletal warriors (D:15) 16 wights
18 creatures vanquished.
1293 creatures vanquished. Monster Nature Uniques Gastronok (D:9) Maud (Orc:3) Nessos (Orc:3) Josephine (Orc:3) Harold (Orc:2) Erica (D:11) Urug (D:12) Maurice (Orc:2) Sigmund (D:6) Menkaure (D:6) Duvessa (D:6) Blork the orc (D:6) Dowan (D:6)
13 creatures vanquished. Natural Monsters 4 vault guards (D:13) 2 ice dragons (IceCv) 8 hydras 2 centaur warriors A queen ant (Spider:1) 7 orc high priests (Orc:4) The ghost of trantor the Archer, an experienced HEHu of Okawaru (D:8) 6 hill giants 2 unseen horrors A lindwurm (Lair:6) A necromancer (D:15) 2 orb spiders (Spider:1) A manticore (D:15) 3 griffons 10 orc knights 6 wolf spiders (Spider:1) 8 ugly things 2 orc sorcerers 5 black mambas A moth of wrath (Spider:1) 3 cyclopes 2 sirens (Lair:5) 14 elephants 17 spiny frogs 3 torpor snails 8 komodo dragons An eye of devastation (Lair:7) 2 fire drakes A kobold demonologist (D:14) A queen bee (D:12) 2 giant leeches (Lair:8) 6 jumping spiders (Spider:1) 2 merfolk (Lair:5) A polar bear (Lair:7) 4 trolls 9 slime creatures 32 blink frogs A boulder beetle (Spider:1) 15 redbacks (Spider:1) 3 trapdoor spiders 7 tarantellas (Spider:1) 29 yaks 4 basilisks A deep elf mage (D:11) 16 hippogriffs A steam dragon (D:12) 2 wyverns 19 wolves 7 wargs 21 soldier ants (Spider:1) A mottled dragon (D:11) 9 water moccasins 3 spiders (Spider:1) 21 porcupines 2 eyes of draining 22 ice beasts 10 sky beasts 12 ogres A black bear (D:7) 46 orc warriors 11 centaurs 7 big kobolds 14 crocodiles 41 giant frogs 2 scorpions 30 killer bees 7 electric eels 33 orc wizards 33 orc priests 14 hounds 10 jellies 7 iguanas 35 worker ants 3 sheep (D:15) 44 river rats 12 adders 7 gnolls (D:5) 10 oozes 4 worms 4 giant geckos 242 orcs 4 ball pythons 5 giant cockroaches 8 goblins 7 hobgoblins 13 jackals 35 kobolds 2 quokkas 6 bats 5 giant newts 7 rats
1096 creatures vanquished. Non-Living Monsters 2 ice statues (IceCv) 3 gargoyles An air elemental (D:13) A water elemental (D:13) A fire elemental (D:13) An earth elemental (D:13)
9 creatures vanquished. Undead Monsters A vampire mage (D:15) 2 skeletal warriors (D:15) A stone giant skeleton (D:15) An ice dragon zombie (D:15) A fire dragon zombie (D:15) A hornet zombie (D:15) A vampire (D:15) 5 wraiths (Orc:3) 2 shadows A hill giant zombie (D:10) 4 hungry ghosts 6 vampire mosquitoes (Lair:8) A tengu skeleton (D:15) 3 necrophages 5 phantoms A wyvern skeleton (D:11) A water moccasin skeleton (D:10) 16 wights 3 giant frog zombies 3 centaur zombies A wasp zombie (D:10) 5 giant frog skeletons 5 centaur skeletons 5 ogre zombies (D:10) A hound skeleton (D:10) A worker ant zombie (D:7) An adder zombie (D:5) 2 giant gecko skeletons A goblin skeleton (D:10) A hobgoblin skeleton (D:10) 2 hobgoblin zombies (D:10) A jackal zombie (D:6) 3 orc skeletons (D:10) 12 orc zombies (D:10) A quokka zombie (D:8)
101 creatures vanquished. Demonic Monsters 2 rakshasas (D:15) A demonic crawler (Spider:1) 2 efreet 13 crimson imps A quasit (D:9) 7 hell rats A shadow imp (D:14) 13 white imps
40 creatures vanquished. Plants 23 fungi 11 plants
34 creatures vanquished.
1293 creatures vanquished. Ascending Order Gastronok (D:9) Maud (Orc:3) Nessos (Orc:3) Josephine (Orc:3) Harold (Orc:2) Erica (D:11) A queen ant (Spider:1) A vampire mage (D:15) Urug (D:12) The ghost of trantor the Archer, an experienced HEHu of Okawaru (D:8) A lindwurm (Lair:6) A necromancer (D:15) A manticore (D:15) A moth of wrath (Spider:1) Maurice (Orc:2) A stone giant skeleton (D:15) An eye of devastation (Lair:7) A demonic crawler (Spider:1) A kobold demonologist (D:14) A queen bee (D:12) A polar bear (Lair:7) An ice dragon zombie (D:15) A boulder beetle (Spider:1) A fire dragon zombie (D:15) A hornet zombie (D:15) A vampire (D:15) An air elemental (D:13) Sigmund (D:6) A water elemental (D:13) A fire elemental (D:13) A deep elf mage (D:11) A hill giant zombie (D:10) A steam dragon (D:12) Menkaure (D:6) A mottled dragon (D:11) A tengu skeleton (D:15) Duvessa (D:6) A black bear (D:7) Blork the orc (D:6) A wyvern skeleton (D:11) An earth elemental (D:13) Dowan (D:6) A water moccasin skeleton (D:10) A wasp zombie (D:10) A quasit (D:9) A hound skeleton (D:10) A worker ant zombie (D:7) A shadow imp (D:14) An adder zombie (D:5) A goblin skeleton (D:10) A hobgoblin skeleton (D:10) A jackal zombie (D:6) A quokka zombie (D:8) 2 rakshasas (D:15) 2 ice dragons (IceCv) 2 centaur warriors 2 skeletal warriors (D:15) 2 unseen horrors 2 ice statues (IceCv) 2 orb spiders (Spider:1) 2 orc sorcerers 2 sirens (Lair:5) 2 fire drakes 2 efreet 2 giant leeches (Lair:8) 2 merfolk (Lair:5) 2 shadows 2 wyverns 2 eyes of draining 2 scorpions 2 quokkas 2 hobgoblin zombies (D:10) 2 giant gecko skeletons 3 griffons 3 cyclopes 3 torpor snails 3 gargoyles 3 trapdoor spiders 3 spiders (Spider:1) 3 necrophages 3 giant frog zombies 3 centaur zombies 3 sheep (D:15) 3 orc skeletons (D:10) 4 vault guards (D:13) 4 trolls 4 basilisks 4 hungry ghosts 4 worms 4 giant geckos 4 ball pythons 5 black mambas 5 wraiths (Orc:3) 5 phantoms 5 giant frog skeletons 5 centaur skeletons 5 ogre zombies (D:10) 5 giant cockroaches 5 giant newts 6 hill giants 6 wolf spiders (Spider:1) 6 jumping spiders (Spider:1) 6 vampire mosquitoes (Lair:8) 6 bats 7 orc high priests (Orc:4) 7 tarantellas (Spider:1) 7 wargs 7 big kobolds 7 electric eels 7 hell rats 7 iguanas 7 gnolls (D:5) 7 hobgoblins 7 rats 8 hydras 8 ugly things 8 komodo dragons 8 goblins 9 slime creatures 9 water moccasins 10 orc knights 10 sky beasts 10 jellies 10 oozes 11 centaurs 11 plants 12 ogres 12 adders 12 orc zombies (D:10) 13 crimson imps 13 white imps 13 jackals 14 elephants 14 crocodiles 14 hounds 15 redbacks (Spider:1) 16 hippogriffs 16 wights 17 spiny frogs 19 wolves 21 soldier ants (Spider:1) 21 porcupines 22 ice beasts 23 fungi 29 yaks 30 killer bees 32 blink frogs 33 orc wizards 33 orc priests 35 worker ants 35 kobolds 41 giant frogs 44 river rats 46 orc warriors 242 orcs
1293 creatures vanquished. The 3-digit Club 242 orcs
242 creatures vanquished.

Action                   |  1- 3 |  4- 6 |  7- 9 | 10-12 | 13-15 | 16-18 || total
-------------------------+-------+-------+-------+-------+-------+-------++-------
Melee: Short sword       |    42 |       |       |       |       |       ||    42
       Club              |    95 |   182 |       |       |       |       ||   277
       Flail             |       |    69 |       |       |       |       ||    69
       Giant club        |       |       |    66 |       |   551 |       ||   617
       Giant spiked club |       |       |   234 |   699 |  1278 |   567 ||  2778
Throw: Stone             |    18 |    37 |    19 |    24 |     7 |       ||   105
       Large rock        |    13 |    13 |    30 |    42 |    43 |    15 ||   156
       Throwing net      |       |     2 |     2 |     4 |     2 |       ||    10
       Javelin           |       |       |       |    60 |    50 |       ||   110
Invok: Heroism           |       |       |       |       |     3 |     1 ||     4
 Abil: Evoke Flight      |       |       |     3 |       |       |       ||     3
       Stop Flying       |       |       |     1 |       |       |       ||     1
Evoke: Wand              |       |       |       |     2 |     6 |     2 ||    10
       Phial of floods   |       |       |       |     1 |       |       ||     1
  Use: Potion            |       |     2 |     7 |     9 |     7 |     8 ||    33
       Scroll            |       |       |    12 |     7 |    15 |     2 ||    36
 Stab: Sleeping          |       |     1 |     2 |     9 |     2 |       ||    14
       Distracted        |       |       |     1 |     2 |     1 |       ||     4
  Eat: Chunk             |     1 |     8 |     8 |    27 |    59 |    25 ||   128
       Bread ration      |       |       |     2 |       |       |       ||     2
       Royal jelly       |       |       |       |     4 |     1 |       ||     5
       Beef jerky        |       |       |       |     2 |     1 |       ||     3
       Pizza             |       |       |       |     1 |       |     1 ||     2
       Fruit             |       |       |       |     1 |       |       ||     1
